 Dungeon Crawl Stone Soup version 0.17-a0-1741-gd5e8965 (webtiles) character file.

13157 kae the Martial Artist (level 11, 0/83 HPs)
             Began as a Demonspawn Monk on Aug 31, 2015.
             Was a Believer of Qazlal.
             Succumbed to a black mamba's poison
             ... on level 3 of the Lair of Beasts.
             The game lasted 00:32:32 (16779 turns).

kae the Martial Artist (Demonspawn Monk)           Turns: 16779, Time: 00:32:32

Health: 0/83       AC: 10    Str: 11    XL:     11   Next: 71%
Magic:  29/29      EV: 16    Int: 16    God:    Qazlal [**....]
Gold:   577        SH:  3    Dex: 18    Spells: 0 memorised, 10 levels left

rFire  . . .     SeeInvis .       - Unarmed
rCold  + . .     Clarity  .     E - +2 robe {rC+}
rNeg   . . .     SustAt   .     (no shield)
rPois  .         Gourm    .     x - +1 helmet
rElec  .         Spirit   .     r - +2 cloak
rCorr  +         Warding  .     (no gloves)
rMut   .         Stasis   .     (no boots)
MR     .....                    g - amulet of resist corrosion
Stlth  +++.......               e - +3 ring of intelligence
                                i - ring of magical power

@: lethally poisoned (0 -> -12), not resistant to hostile enchantments, fairly
stealthy
A: claws 1, icy blue scales 1, nightstalker 1, powered by pain 1
a: Upheaval, Renounce Religion


You were on level 3 of the Lair of Beasts.
You worshipped Qazlal.
Qazlal was pleased with you.
You were not hungry.

You visited 2 branches of the dungeon, and saw 12 of its levels.

You collected 577 gold pieces.

Inventory:

Armour
 r - a +2 cloak (worn)
 x - a +1 helmet (worn)
 E - a +2 robe of cold resistance (worn)
Jewellery
 e - a +3 ring of intelligence (right claw)
 g - an amulet of resist corrosion (around neck)
 i - a ring of magical power (left claw)
 m - an uncursed ring of ice
Magical devices
 l - a wand of slowing (26)
 q - a wand of flame (25)
 s - a wand of slowing (32)
 u - a wand of slowing (24)
 v - a wand of teleportation (3)
 y - a wand of flame (48)
 A - a wand of confusion (12)
 B - a wand of random effects (33)
 D - a wand of slowing (14)
 F - a wand of cold (10)
Scrolls
 d - a scroll of recharging
 f - a scroll of fog
 p - a scroll of random uselessness
 w - 4 scrolls of remove curse
 H - a scroll of identify
Potions
 c - 4 potions of brilliance
 k - a potion of degeneration
 o - a potion of flight
Books
 a - a book of Envenomations

   Spells                             Type                      Level
   a - Spider Form                    Transmutation/Poison         3
   b - Alistair's Intoxication        Transmutation/Poison         4
   c - Olgreb's Toxic Radiance        Poison                       4
   d - Poisonous Cloud                Conjuration/Poison/Air       6
 n - a book of Summonings

   Spells                             Type                      Level
   a - Recall                         Summoning/Translocation      3
   b - Aura of Abjuration             Summoning                    5
   c - Shadow Creatures               Summoning                    5
   d - Summon Demon                   Summoning                    5
   e - Summon Forest                  Summoning/Translocation      5
   f - Summon Mana Viper              Hexes/Summoning              5
 z - a book of Dreams

   Spells                             Type                      Level
   a - Ensorcelled Hibernation        Hexes/Ice                    2
   b - Phase Shift                    Translocation                5
   c - Shadow Creatures               Summoning                    5
   d - Silence                        Hexes/Air                    5
   e - Darkness                       Hexes                        6
   f - Mass Confusion                 Hexes                        6
 C - a book of Battle

   Spells                             Type                      Level
   a - Infusion                       Charms                       1
   b - Shroud of Golubria             Charms/Translocation         2
   c - Song of Slaying                Charms                       2
   d - Spectral Weapon                Hexes/Charms                 3
   e - Regeneration                   Charms/Necromancy            3
Comestibles
 b - 9 bread rations
 h - 2 slices of pizza
 j - 17 fruits
 t - 2 meat rations
 G - 3 chunks of flesh


   Skills:
 + Level 6.8 Fighting
 + Level 6.0 Dodging
 - Level 1.7 Stealth
 - Level 13.1 Unarmed Combat
 - Level 12.0 Invocations


You had 10 spell levels left.
You didn't know any spells.

Dungeon Overview and Level Annotations

Branches:
Dungeon (8/15)             Temple (0/1) D:7            Lair (4/8) D:8
  Swamp: Lair:3-6    Shoals: Lair:3-6     Snake: Lair:3-6    Spider: Lair:3-6

Altars:
Ashenzari
Cheibriados
Fedhas
Okawaru
Qazlal
Sif Muna
Zin
The Shining One

Annotations:
D:4 Duvessa
D:8 Joseph
Lair:2 Gastronok


Innate Abilities, Weirdness & Mutations

You have sharp fingernails.
You are partially covered in icy blue scales (AC +1).
You are slightly more attuned to the shadows.
You sometimes gain a little power by taking damage.


Message History

Unknown command.
Evoke which item? (* to show all) (? for menu, Esc to quit)
Zapping:
v - a wand of teleportation {zapped: 2} (will waste charges)
Press: ? - help, Shift-Dir - straight line, f - you You feel strangely unstable.
Evoking this partially-identified wand wasted a few charges.
The yak bellows! x2
* * * LOW HITPOINT WARNING * * *
You feel sick.
* * * LOW HITPOINT WARNING * * *
You feel sick.
Your surroundings suddenly seem different.
* * * LOW HITPOINT WARNING * * *
You feel sick.
Found a stone staircase leading up.
* * * LOW HITPOINT WARNING * * *
You feel sick.
* * * LOW HITPOINT WARNING * * *
You feel sick.
You die...

........#.P.......P.P.....
.#........PPP.PPPPP.P#####
.P......#.#.......#..
........#.#.......+.#
..#...+#............##
....§.........§......##
...>......?............
#.Y.................#.#
##Y.............@......
##.lY..##.##...........
##YY..######...........
##.Y...# ##..........
..Y...## #..........
..Y....# #..........
......## ...###.#..#
##....# ......#


There were no monsters in sight!

Vanquished Creatures
  Fannar (Lair:2)
  3 hydras
  Erica (Lair:1)
  2 black mambas (Lair:3)
  3 spiny frogs
  5 komodo dragons
  4 blink frogs
  Sigmund (D:5)
  9 yaks
  Edmund (D:5)
  3 porcupines (Lair:4)
  4 water moccasins
  An orc warrior (D:7)
  2 phantoms
  A necrophage (D:8)
  A wasp (D:8)
  A black bear (D:7)
  8 crocodiles
  3 ice beasts
  A centaur (D:6)
  A big kobold (D:7)
  2 ogres
  Blork the orc (D:5)
  4 giant frogs
  A water moccasin zombie (D:6)
  4 scorpions
  5 crimson imps
  A jelly (D:5)
  4 hounds
  6 iguanas
  6 orc priests
  5 orc wizards
  2 centaur zombies
  5 worker ants
  10 sheep (Lair:4)
  A worker ant zombie (D:6)
  5 adders
  10 gnolls
  17 river rats (Lair:2)
  A shadow imp (D:5)
  An ooze (D:3)
  An adder skeleton (D:4)
  5 worms
  4 giant geckos
  34 orcs
  9 giant cockroaches
  5 hobgoblins
  9 kobolds
  6 quokkas
  A ball python (D:2)
  5 bats
  4 giant newts
  14 goblins
  A jackal skeleton (D:6)
  4 rats
  3 bushes (Lair:3)
  A fungus (Lair:4)
  7 plants
260 creatures vanquished.

Vanquished Creatures (others)
  An orc wizard (D:5)
  3 bushes (Lair:3)
  8 fungi
  7 plants
19 creatures vanquished.

Grand Total: 279 creatures vanquished

Notes
Turn   | Place    | Note
--------------------------------------------------------------
     0 | D:1      | kae the Demonspawn Monk began the quest for the Orb.
     0 | D:1      | Reached XP level 1. HP: 18/18 MP: 1/1
   262 | D:1      | Reached skill level 4 in Unarmed Combat
   273 | D:1      | Gained mutation: You have sharp fingernails. [demonic ancestry]
   273 | D:1      | Reached XP level 2. HP: 13/24 MP: 2/2
   952 | D:2      | Found a glowing golden altar of the Shining One.
  1126 | D:2      | Reached XP level 3. HP: 29/29 MP: 3/3
  1656 | D:2      | Reached skill level 5 in Unarmed Combat
  1804 | D:2      | Reached XP level 4. HP: 35/35 MP: 4/4
  3019 | D:3      | Reached skill level 6 in Unarmed Combat
  3019 | D:3      | Gained mutation: You are partially covered in icy blue scales (AC +1). [demonic ancestry]
  3019 | D:3      | Reached XP level 5. HP: 22/41 MP: 5/5
  3368 | D:4      | Found a shattered altar of Ashenzari.
  3380 | D:4      | Noticed a phantom
  3433 | D:4      | Noticed an ogre
  3626 | D:4      | Noticed Duvessa
  3678 | D:4      | Gained mutation: You sometimes gain a little power by taking damage. [demonic ancestry]
  3678 | D:4      | Reached XP level 6. HP: 45/47 MP: 6/6
  4134 | D:4      | Killed a phantom
  4134 | D:4      | Reached skill level 7 in Unarmed Combat
  4832 | D:5      | Entered Level 5 of the Dungeon
  4963 | D:4      | Reached XP level 7. HP: 48/52 MP: 7/7
  5054 | D:4      | Reached skill level 8 in Unarmed Combat
  5078 | D:4      | Found a glowing silver altar of Zin.
  5078 | D:4      | Found a stormy altar of Qazlal.
  5082 | D:4      | Became a worshipper of Qazlal Stormbringer
  5082 | D:4      | Acquired Qazlal's first power
  5082 | D:4      | Acquired Qazlal's second power
  5458 | D:5      | Found an iron altar of Okawaru.
  5545 | D:5      | Noticed Sigmund
  5648 | D:5      | Found a blossoming altar of Fedhas.
  5755 | D:5      | Killed Sigmund
  5917 | D:5      | Reached skill level 9 in Unarmed Combat
  6085 | D:5      | Reached XP level 8. HP: 45/58 MP: 8/8
  6292 | D:5      | Noticed Blork the orc
  6299 | D:5      | Found a snail-covered altar of Cheibriados.
  6379 | D:5      | Killed Blork the orc
  7237 | D:5      | Found a deep blue altar of Sif Muna.
  7243 | D:5      | Noticed Edmund
  7256 | D:5      | Killed Edmund
  7256 | D:5      | Reached skill level 10 in Unarmed Combat
  8818 | D:6      | Reached skill level 11 in Unarmed Combat
  9000 | D:7      | Gained mutation: You are slightly more attuned to the shadows. [demonic ancestry]
  9000 | D:7      | Reached XP level 9. HP: 57/63 MP: 9/9
  9046 | D:7      | Acquired Qazlal's third power
  9253 | D:7      | Found a staircase to the Ecumenical Temple.
 10023 | D:8      | Reached skill level 12 in Unarmed Combat
 10051 | D:8      | Noticed a komodo dragon
 10302 | D:8      | Killed a komodo dragon
 10515 | D:8      | Found a staircase to the Lair.
 10776 | D:8      | Noticed Joseph
 10787 | D:8      | HP: 2/63 [Joseph/quarterstaff of protection (13)]
 11267 | Lair:1   | Entered Level 1 of the Lair of Beasts
 11282 | Lair:1   | Noticed Erica
 11574 | D:8      | Reached skill level 13 in Unarmed Combat
 11881 | Lair:1   | Noticed a seven-headed hydra
 11883 | Lair:1   | Noticed a spiny frog
 11889 | Lair:1   | Killed a seven-headed hydra
 11889 | Lair:1   | Reached XP level 10. HP: 41/70 MP: 11/13
 11893 | Lair:1   | Killed a spiny frog
 11893 | Lair:1   | Reached skill level 5 in Invocations
 12040 | Lair:1   | Killed Erica
 12693 | Lair:1   | Noticed a komodo dragon
 12704 | Lair:1   | Killed a komodo dragon
 12704 | Lair:1   | Reached skill level 10 in Invocations
 12794 | Lair:1   | Noticed a spiny frog
 12804 | Lair:1   | Killed a spiny frog
 13950 | Lair:2   | Noticed Fannar
 13961 | Lair:2   | Killed Fannar
 13961 | Lair:2   | Reached XP level 11. HP: 51/75 MP: 20/20
 14292 | Lair:2   | Noticed Gastronok
 14463 | Lair:2   | Noticed a six-headed hydra
 14467 | Lair:2   | Killed a six-headed hydra
 14997 | Lair:2   | You fall through a shaft for 2 floors!
 15025 | Lair:4   | Noticed a seven-headed hydra
 15029 | Lair:4   | Killed a seven-headed hydra
 15033 | Lair:4   | Reached skill level 5 in Fighting
 15594 | Lair:4   | Reached skill level 5 in Dodging
 16777 | Lair:3   | HP: 3/83 [poisoned by a black mamba]
 16779 | Lair:3   | Succumbed to a black mamba's poison

Vault maps used:
D:1:      ncdulo_smallfort
D:2:      nicolae_overflow_crystal_walls, first_bread, serial_park_tiny_pond
D:4:      cheibrodos_ashenzari_chains, gammafunk_temple_overflow_elements,
          minmay_stone_trees_small, minmay_goblin_outpost, uniq_duvessa
D:5:      cheibriados_altar_wand_db, fedhas_altar_2, led_sif_book, basic_altar,
          uniq_edmund, uniq_sigmund, uniq_blork_the_orc
D:6:      minivault_22
D:7:      nicolae_whirlpool, minmay_temple_entry_fiery, st_stairs_12
D:8:      david_lair_shrubbed, serial_glass, glass_columns_a, glass_columns_b,
          due_unseen_surprise, item_on_display_a, feat_on_display, uniq_joseph
Lair:1:   grunt_megastairs_3, uniq_erica
Lair:2:   uniq_gastronok, uniq_fannar
Lair:3:   minmay_swamp_entry_eels, minmay_snake_entry_six_corridors,
          minmay_hedge_maze
Lair:4:   nicolae_quartered_pool_medium

Action                   |  1- 3 |  4- 6 |  7- 9 | 10-12 || total
-------------------------+-------+-------+-------+-------++-------
Melee: Unarmed           |    88 |   209 |   352 |   311 ||   960
Invok: Upheaval          |       |       |     3 |    13 ||    16
Evoke: Wand              |       |     2 |       |     2 ||     4
  Use: Scroll            |     1 |     2 |    11 |     4 ||    18
       Potion            |       |       |    12 |     3 ||    15
 Stab: Sleeping          |     4 |     3 |       |       ||     7
  Eat: Chunk             |     2 |    11 |    18 |    11 ||    42
       Beef jerky        |       |       |     2 |       ||     2
       Meat ration       |       |       |       |     1 ||     1
